 Dungeon Crawl Stone Soup version 0.22-a0-565-gfc6459a (webtiles) character file.

32 vierth the Shield-Bearer (level 3, -1/33 HPs)
             Began as a Minotaur Fighter on June 28, 2018.
             Slain by Sigmund
             ... wielding a +0 scythe
              (6 damage)
             ... on level 2 of the Dungeon.
             The game lasted 00:02:13 (1022 turns).

vierth the Shield-Bearer (Minotaur Fighter)         Turns: 1022, Time: 00:02:14

Health: -1/33      AC:  7    Str: 21    XL:     3   Next: 10%
Magic:  2/2        EV:  7    Int:  5    God:
Gold:   32         SH:  0    Dex:  9    Spells: 2/2 levels left

rFire    . . .     SeeInvis .   a - +0 war axe
rCold    . . .     Gourm    .   c - +0 shield
rNeg     . . .     Faith    .   b - +0 scale mail
rPois    .         Spirit   .   (helmet restricted)
rElec    .         Reflect  .   (no cloak)
rCorr    .         Harm     .   (no gloves)
MR       .....                  (no boots)
Stlth    ..........             (no amulet)
HPRegen  0.11/turn              (no ring)
MPRegen  0.08/turn              (no ring)

@: confused
A: retaliatory headbutt, horns 2
a: no special abilities


You were on level 2 of the Dungeon.
You were hungry.

You visited 1 branch of the dungeon, and saw 2 of its levels.

You collected 32 gold pieces.

Inventory:

Hand Weapons
 a - a +0 war axe (weapon)
Armour
 b - a +0 scale mail (worn)
 c - a +0 shield (worn)
Scrolls
 g - 2 scrolls of identify
 h - 2 scrolls of remove curse {unknown}
 i - a scroll of immolation {unknown}
 k - a scroll of enchant armour {unknown}
 l - 2 scrolls of teleportation {unknown}
Potions
 d - a potion of might
 e - a potion of heal wounds
 j - a potion of ambrosia {unknown}
Comestibles
 f - a ration


   Skills:
 + Level 3.9 Fighting
 + Level 3.0 Axes
 + Level 4.1 Armour
 + Level 4.2 Shields


You had 2 spell levels left.
You didn't know any spells.
Your spell library was empty.

Dungeon Overview and Level Annotations

Branches:
Dungeon (2/15)

Altars:

Annotations:
D:2 Sigmund


Innate Abilities, Weirdness & Mutations

You reflexively headbutt those who attack you in melee.
You have a pair of horns on your head.


Message History

You are more confused.
You bump into the rock wall.
Sigmund hits you but does no damage. Sigmund casts a spell at you.
You resist with significant effort.
Sigmund says, "Your kind have come here before.
I understand now why.
You desire death..."
Sigmund hits you from afar with a scythe.
You bump into the rock wall.
Sigmund casts a spell at you. You resist with significant effort.
You bump into the rock wall.
Sigmund casts a spell at you. The magic dart hits you!
Sigmund hits you with a scythe.
* * * LOW HITPOINT WARNING * * *
You bump into the rock wall.
You are feeling hungry.
Sigmund points at you and mumbles some strange words.
You are more confused.
You bump into the rock wall.
Sigmund hits you with a scythe.
You die...

#.# #####...## #.#
##### #.# #.# #.#
#.# #.# #.#
##@################
#..@....(..........
###################


You could see Sigmund.

Vanquished Creatures
  A leopard gecko (D:1)
  4 bats (D:1)
  2 giant cockroaches (D:1)
  2 goblins (D:1)
  4 hobgoblins (D:1)
  7 jackals (D:1)
  2 kobolds (D:1)
  A frilled lizard (D:1)
  5 rats
28 creatures vanquished.

Notes
Turn   | Place    | Note
-------+----------+-------------------------------------------
     0 | D:1      | vierth the Minotaur Fighter began the quest for the Orb.
     0 | D:1      | Reached XP level 1. HP: 19/19 MP: 0/0
   257 | D:1      | Reached XP level 2. HP: 27/27 MP: 1/1
   500 | D:1      | Reached XP level 3. HP: 28/33 MP: 2/2
   961 | D:2      | Noticed Sigmund
  1022 | D:2      | Slain by Sigmund

Vault maps used:
D:1:      lemuel_arrival_broad_hall, st_stairs_5, minmay_tetromino_l4
D:2:      kennysheep_big_flooded_room, lemuel_doored_altar, first_ration,
          uniq_sigmund, uniq_crazy_yiuf_cottage, uniq_robin

Skill      XL: |  1  2  3 |
---------------+----------+-----
Shields        | 4 |  4.2
Armour         | 4 |  4.1
Axes           | 3 |  3.0
Fighting       | |  3.9

Action                   || total
-------------------------++-------
Melee: War axe           ||    76
       Headbutt          ||     8
  Use: Scroll            ||     1
Armor: Scale mail        ||    37
Dodge: Dodged            ||    18
Block: Shield            ||    50

Table legend:
 A = Spawn XP
 B = Non-spawn XP
 C = Spawn XP percentage of total XP
 D = Spawn monster count
 E = Non-spawn monster count
 F = Spawn count percentage of total count
 G = Total turns spent on level
                    A         B        C        D         E        F      G
               +---------+---------+-------+---------+---------+-------+---------
         Total |       0 |      47 |   0.0 |       0 |      28 |   0.0 |  1022
               +---------+---------+-------+---------+---------+-------+---------
           D:1 |       0 |      46 |   0.0 |       0 |      27 |   0.0 |   885
           D:2 |       0 |       1 |   0.0 |       0 |       1 |   0.0 |   137
               +---------+---------+-------+---------+---------+-------+---------
